 Dungeon Crawl Stone Soup version 5.1-80-g04056d8 (webtiles) character file.

4581 tatters the Nimble (level 11, -1/79 HPs)
             Began as a Demonspawn Wanderer on Nov 10, 2017.
             Was an Elder of Sif Muna.
             Hit by a large rock thrown by a cyclops (40 damage)
             ... on level 10 of the Dungeon.
             The game lasted 00:46:39 (12717 turns).

tatters the Nimble (Demonspawn Wanderer)           Turns: 12717, Time: 00:46:39

Health: -1/79      AC:  8 (0%)Str:  9   XL:     11   Next: 67%
Magic:  17/17      EV: 20    Int: 15    God:    Sif Muna [4*[115]]
Gold:   723        SH:  0    Dex: 18    Spells: 5/19 levels left

rFire    + . .     SeeInvis .   a - +2 dagger (venom)
rCold    + . .     Faith    .   (no shield)
rNeg     . . .     Spirit   .   F - +0 robe {rF+}
rPois    .         Reflect  .   D - +2 helmet
rElec    .                      (no cloak)
rCorr    .                      k - +0 pair of gloves
MR       +....                  (no boots)
Stlth    +++.......             (no amulet)
Regen    0.3/turn               t - ring of protection from magic
MPRegen  0.5/turn               S - ring of ice

@: no status effects
A: molten scales 1, demonic guardian 2, ignite blood 1, magic regeneration
a: Divine Energy, Channel Magic, Forget Spell, Renounce Religion


You were on level 10 of the Dungeon.
You worshipped Sif Muna.
Sif Muna was greatly pleased with you.
You were not hungry.

You visited 1 branch of the dungeon, and saw 10 of its levels.

You collected 723 gold pieces.

Inventory:

Hand Weapons
 a - a +2 dagger of venom (weapon)
 b - a +2 war axe of flaming
 e - a +0 dagger
 v - a +0 double sword
 w - a +0 halberd of chopping
 H - a +0 shortbow
 J - a +1 shortbow of freezing
 N - a +2 spear
 P - a +2 mace of protection
 T - the +3 long sword "Adasik" {slice, Str+4}
   (You found it on level 9 of the Dungeon)

   It inflicts extra damage upon your enemies.
   It affects your strength (+4).
Missiles
 h - 210 bolts
 l - 1169 arrows
 m - 2508 stones (quivered)
 y - 57 poisoned javelins
 B - 143 tomahawks
 L - 223 javelins
Armour
 d - a +0 robe
 k - a +0 pair of gloves (worn)
 x - a +0 ring mail
 D - a +2 helmet (worn)
 F - a +0 robe of fire resistance (worn)
Jewellery
 t - a ring of protection from magic (left hand)
 M - an uncursed ring of resist corrosion
 S - a ring of ice (right hand)
Wands
 n - a wand of paralysis (15)
 C - a wand of digging (7)
 R - a wand of confusion (5)
 U - a wand of scattershot (5)
Scrolls
 c - 4 scrolls of teleportation
 f - 3 scrolls of enchant armour
 o - 6 scrolls of amnesia
 p - 2 scrolls of enchant weapon
 r - 2 scrolls of blinking
 s - 2 scrolls of fear
 E - a scroll of fog
 O - a scroll of silence
Potions
 g - 2 potions of heal wounds
 i - 4 potions of haste
 j - 2 potions of augmentation
 q - 2 potions of resistance
 u - a potion of invisibility
 z - 4 potions of mutation
 A - 7 potions of curing
 G - a potion of cancellation
 I - a potion of magic
 K - a potion of lignification
 Q - a potion of flight
 V - a potion of ambrosia


   Skills:
 - Level 5.0 Fighting
 - Level 2.0 Blades
 - Level 1.0 Throwing
 - Level 1.0 Armour
 - Level 10.2 Dodging
 - Level 5.0 Stealth
 - Level 2.0 Unarmed Combat
 - Level 4.5(6.1) Spellcasting
 - Level 2.4(4.0) Hexes
 + Level 4.0(5.6) Charms
 - Level 4.9(6.5) Summonings
 - Level 5.5(7.1) Necromancy
 - Level 3.3(4.9) Translocations
 - Level 2.2(3.8) Transmutations
 - Level 2.4(4.0) Fire Magic
 - Level 2.3(3.9) Air Magic
 - Level 2.4(4.0) Earth Magic
 - Level 5.6 Evocations


You had 5 spell levels left.
You knew the following spells:

 Your Spells              Type           Power        Failure   Level  Hunger
a - Blink                 Tloc           N/A          2%          2    N/A
b - Slow                  Hex            16 (100)     4%          2    N/A
c - Summon Butterflies    Summ           24 (100)     1%          1    N/A
d - Tukima's Dance        Hex            16 (100)     9%          3    N/A
e - Apportation           Tloc           19 (1000)    1%          1    N/A
f - Conjure Flame         Fire/Air       16 (100)     9%          3    N/A
g - Passwall              Tmut/Erth      16 (200)     4%          2    N/A

Dungeon Overview and Level Annotations

Branches:
Dungeon (10/15)

Altars:
Cheibriados
Dithmenos
Elyvilon
Gozag
Hepliaklqana
Jiyva
Kikubaaqudgha
Makhleb
Okawaru
Qazlal
Ru
Sif Muna
Trog
Uskayaw
Vehumet
Xom
Yredelemnul
Zin
The Shining One

Annotations:
D:10 exclusions: black bear and centaur warrior, Josephine


Innate Abilities, Weirdness & Mutations

You are partially covered in molten scales. (AC +2)
A demonic guardian rushes to your aid.
Your demonic aura occasionally causes spilled blood to erupt in flames.
You regenerate magic rapidly.


Message History

Your base Charms skill increases to level 3!
Your sixfirhy hits the ice beast (2).
Your sixfirhy shocks the ice beast (12)!
Your sixfirhy closely misses the ice beast.
Your sixfirhy hits the ice beast (6).
Your sixfirhy shocks the ice beast (10)!
The ice beast dies!
Your base Charms skill increases to level 4!
Found Sif Muna's Compendium of Self-Improvement and Beguiling.
Unknown command.
You see here a +0 whip.
The cyclops shouts!
The cyclops throws a large rock.
The large rock completely misses you (0).
The cyclops throws a large rock.
The large rock hits you (40)!!!
Ouch! That really hurt!
Found a +2 leather armour of poison resistance.
The cyclops throws a large rock.
The large rock hits you (40)!!!
Ouch! That really hurt!
You die...

.........##...#####..)##.# #....
..........#...........#..## #....
..........#..#...).#..#...###....
..........##..#####..##..........
...........#..#####..#.........##
...........#.)...##.)#.........#
...........#..##.##..#.........#
..........##..##.##..##........##
..........#..#3ยง@..#..#..........
..........#...........#..........
######...##...#####.C.##.......##
#...#:####...####[#.......#
#...###.........###.......#
######.........................##
...........#.#...................
........####.....................
######..# ###..#####..######....


You could see a cyclops and a friendly sixfirhy.

Vanquished Creatures
  Snorg (D:10)
  Erolcha (D:10)
  An ugly thing (D:10)
  Prince Ribbit (D:5)
  Sigmund (D:4)
  2 wyverns (D:7)
  4 yaks (D:9)
  2 wraiths (D:10)
  Grum (D:10)
  An angry ghost (D:9)
  4 water moccasins
  5 orc warriors
  3 black bears
  4 ice beasts
  2 wolves (D:10)
  5 ogres
  5 centaurs
  2 bullfrogs
  3 wyvern skeletons
  A scorpion (D:4)
  2 crimson imps
  A water moccasin skeleton (D:7)
  10 wights
  A howler monkey (D:8)
  A bullfrog zombie (D:6)
  4 centaur zombies
  2 jellies
  A quasit (D:6)
  A wasp zombie (D:9)
  10 orc wizards
  A hound (D:6)
  5 orc priests
  2 centaur skeletons
  Natasha (thrice) (D:4)
  4 worker ants
  8 iguanas
  A hound zombie (D:6)
  A hound skeleton (D:3)
  Samantha (D:4)
  12 gnolls
  8 adders
  3 shadow imps
  3 dart slugs
  33 orcs
  9 quokkas
  7 bats
  3 giant cockroaches
  17 goblins
  9 hobgoblins
  5 jackals (D:4)
  7 kobolds
  2 ball pythons
  5 frilled lizards
  A quokka skeleton (D:4)
  13 rats
245 creatures vanquished.

Vanquished Creatures (collateral kills)
  An ogre mage (D:10)
  A centaur warrior (D:10)
  2 two-headed ogres (D:9)
  A deep elf mage (D:9)
  A centaur simulacrum (D:10)
  2 yaks (D:9)
  An angry ghost (D:10)
  2 orc warriors (D:10)
  An ice beast (D:10)
  A black bear (D:10)
  An ogre (D:7)
  A centaur (D:10)
  A rime drake skeleton (D:10)
  A wight (D:7)
  An orc priest (D:10)
  2 orcs (D:10)
20 creatures vanquished.

Vanquished Creatures (others)
  2 dancing weapons
2 creatures vanquished.

Grand Total: 267 creatures vanquished

Notes
Turn   | Place    | Note
-------+----------+-------------------------------------------
     0 | D:1      | tatters the Demonspawn Wanderer began the quest for the Orb.
     0 | D:1      | tatters set off with: 2 potions of haste, a potion of lignification, a scroll of teleportation, a +0 robe, a +0 dagger
     0 | D:1      | Reached XP level 1. HP: 19/19 MP: 1/1
   552 | D:1      | Gained mutation: You regenerate magic rapidly. [demonic ancestry]
   552 | D:1      | Reached XP level 2. HP: 21/25 MP: 2/2
   790 | D:1      | Reached skill level 1 in Dodging
  1208 | D:2      | Reached XP level 3. HP: 24/30 MP: 3/3
  1234 | D:2      | Found a basalt altar of Yredelemnul.
  1289 | D:2      | Reached skill level 2 in Dodging
  1475 | D:2      | Found a radiant altar of Vehumet.
  1717 | D:2      | Found a faded altar of an unknown god.
  1791 | D:2      | Found a deep blue altar of Sif Muna.
  1870 | D:2      | Became a worshipper of Sif Muna the Loreminder
  1955 | D:2      | Reached XP level 4. HP: 32/37 MP: 4/4
  2077 | D:2      | Noticed a dagger
  2077 | D:2      | Noticed a hand axe
  2080 | D:2      | Found a hide-covered altar of Uskayaw.
  2208 | D:2      | Reached skill level 3 in Dodging
  2443 | D:3      | Found a glowing silver altar of Zin.
  2547 | D:3      | Found a stormy altar of Qazlal.
  2812 | D:3      | Gained mutation: You are partially covered in molten scales. (AC +2) [demonic ancestry]
  2812 | D:3      | Reached XP level 5. HP: 37/42 MP: 5/5
  2873 | D:3      | Noticed a moth of wrath
  2875 | D:3      | Found a bloodstained altar of Trog.
  3168 | D:3      | Reached skill level 4 in Dodging
  3442 | D:3      | Found an opulent altar of Gozag.
  3560 | D:3      | Found a burning altar of Makhleb.
  3938 | D:4      | Noticed Natasha
  3938 | D:4      | Noticed an ogre
  3957 | D:4      | Killed Natasha
  3958 | D:4      | Reached skill level 5 in Dodging
  3958 | D:4      | Reached XP level 6. HP: 45/48 MP: 6/6
  4184 | D:4      | Reached * piety under Sif Muna
  4341 | D:4      | Noticed Natasha
  4353 | D:4      | Killed Natasha
  4375 | D:4      | Reached XP level 7. HP: 54/54 MP: 8/8
  4380 | D:4      | Noticed Samantha
  4420 | D:4      | Killed Samantha
  4430 | D:4      | Noticed Natasha
  4543 | D:4      | Killed Natasha
  4570 | D:4      | Found a sacrificial altar of Ru.
  4814 | D:4      | Noticed Sigmund
  4839 | D:4      | Found a hazy altar of Hepliaklqana.
  4971 | D:4      | Found a shadowy altar of Dithmenos.
  5020 | D:4      | Found a snail-covered altar of Cheibriados.
  5111 | D:4      | Killed Sigmund
  5111 | D:4      | Reached skill level 5 in Fighting
  5111 | D:4      | Reached skill level 6 in Dodging
  5150 | D:4      | Found a viscous altar of Jiyva.
  5184 | D:5      | Entered Level 5 of the Dungeon
  5230 | D:5      | Noticed Prince Ribbit
  5261 | D:5      | Killed Prince Ribbit
  5261 | D:5      | Reached skill level 7 in Dodging
  5261 | D:5      | Gained mutation: Your demonic aura occasionally causes spilled blood to erupt in flames. [demonic ancestry]
  5261 | D:5      | Reached XP level 8. HP: 21/62 MP: 10/10
  5904 | D:5      | Reached skill level 8 in Dodging
  6204 | D:6      | Reached ** piety under Sif Muna
  6469 | D:6      | Got the +8 mace "Ogrebane" {holy, rC+ Stlth+}
  6804 | D:6      | Reached skill level 5 in Stealth
  7097 | D:6      | Gained mutation: A weak demonic guardian rushes to your aid. [demonic ancestry]
  7097 | D:6      | Reached XP level 9. HP: 65/68 MP: 12/12
  7202 | D:6      | Reached skill level 5 in Evocations
  7345 | D:6      | Found a shimmering altar of Xom.
  7346 | D:6      | Found an ancient bone altar of Kikubaaqudgha.
  7346 | D:6      | Found a white marble altar of Elyvilon.
  7392 | D:6      | Found a glowing golden altar of the Shining One.
  7471 | D:6      | Learned a level 2 spell: Blink
  7645 | D:6      | Reached skill level 1 in Translocations
  8262 | D:7      | Reached skill level 9 in Dodging
  8526 | D:7      | Found an iron altar of Okawaru.
  8840 | D:7      | Reached skill level 10 in Dodging
  9104 | D:7      | Reached *** piety under Sif Muna
  9394 | D:7      | Gained mutation: A demonic guardian rushes to your aid. [demonic ancestry]
  9394 | D:7      | Reached XP level 10. HP: 43/74 MP: 14/14
  9438 | D:7      | Learned a level 2 spell: Slow
  9842 | D:8      | Learned a level 1 spell: Summon Butterflies
  9846 | D:8      | Learned a level 3 spell: Tukima's Dance
  9911 | D:8      | Reached skill level 1 in Blades
  9912 | D:8      | Found a bloodstained altar of Trog.
  9920 | D:8      | Reached skill level 1 in Summonings
 10011 | D:8      | Reached skill level 1 in Hexes
 10556 | D:9      | Reached skill level 1 in Spellcasting
 10750 | D:9      | Learned a level 1 spell: Apportation
 10800 | D:9      | Found a shimmering altar of Xom.
 10811 | D:9      | Reached **** piety under Sif Muna
 10955 | D:9      | Noticed a two-headed ogre
 10980 | D:9      | Noticed a deep elf mage
 11030 | D:9      | Noticed a two-headed ogre
 11033 | D:9      | Killed a two-headed ogre
 11033 | D:9      | Reached skill level 1 in Transmutations
 11033 | D:9      | Reached skill level 1 in Fire Magic
 11033 | D:9      | Reached skill level 1 in Air Magic
 11033 | D:9      | Reached skill level 1 in Earth Magic
 11178 | D:9      | Killed a two-headed ogre
 11216 | D:9      | Killed a deep elf mage
 11229 | D:9      | Got the +3 long sword "Adasik" {slice, Str+4}
 11234 | D:9      | Learned a level 3 spell: Conjure Flame
 11289 | D:9      | Reached XP level 11. HP: 47/79 MP: 17/17
 11427 | D:10     | Entered Level 10 of the Dungeon
 11436 | D:10     | Noticed a brown ugly thing
 11453 | D:10     | Killed a brown ugly thing
 11760 | D:10     | Noticed Snorg
 11809 | D:10     | Noticed Josephine
 11954 | D:10     | Noticed Grum
 12061 | D:10     | Killed Grum
 12366 | D:10     | Noticed a centaur warrior
 12366 | D:10     | Noticed Erolcha
 12560 | D:10     | Learned a level 2 spell: Passwall
 12585 | D:10     | Killed Snorg
 12664 | D:10     | Killed Erolcha
 12667 | D:10     | Killed a centaur warrior
 12676 | D:10     | Reached skill level 5 in Necromancy
 12697 | D:10     | Noticed an ogre mage
 12710 | D:10     | Killed an ogre mage
 12717 | D:10     | Hit by a large rock thrown by a cyclops

Skill      XL: |  1  2  3  4  5  6  7  8  9 10 11 |
---------------+----------------------------------+-----
Unarmed Combat | 2 |  2.0
Dodging        | 1 2 3 5 7 8 10 | 10.2
Evocations     | 2 3 4 5 |  5.6
Fighting       | 5 |  5.0
Stealth        | 5 |  5.0
Translocations | 3 |  3.3
Blades         | 2 |  2.0
Summonings     | 2 4 |  4.9
Hexes          | 2 |  2.4
Spellcasting   | 4 |  4.5
Transmutations | 2 |  2.2
Fire Magic     | 2 |  2.4
Air Magic      | 2 |  2.3
Earth Magic    | 2 |  2.4
Charms         | 4 |  4.0
Necromancy     | 5 |  5.5
Throwing       | |  1.0
Armour         | |  1.0

Action                   |  1- 3 |  4- 6 |  7- 9 | 10-12 || total
-------------------------+-------+-------+-------+-------++-------
Melee: Unarmed           |    49 |       |       |       ||    49
       Dagger            |    75 |   186 |   249 |   177 ||   687
       Punch             |       |     1 |     3 |     3 ||     7
       Halberd           |       |       |   108 |    54 ||   162
       War axe           |       |       |    14 |    18 ||    32
 Fire: Shortbow          |       |       |    12 |       ||    12
Throw: Stone             |     1 |    10 |     2 |     1 ||    14
       Tomahawk          |       |     4 |     1 |       ||     5
       Javelin           |       |       |     3 |       ||     3
 Cast: Blink             |       |       |     2 |       ||     2
       Tukima's Dance    |       |       |       |     9 ||     9
       Apportation       |       |       |       |     2 ||     2
       Slow              |       |       |       |     2 ||     2
       Summon Butterflie |       |       |       |     2 ||     2
       Conjure Flame     |       |       |       |     3 ||     3
       Passwall          |       |       |       |     2 ||     2
Evoke: Wand              |       |     5 |     3 |     1 ||     9
  Use: Potion            |       |     2 |       |       ||     2
       Scroll            |       |       |     1 |       ||     1
 Stab: Sleeping          |     4 |     7 |    11 |    17 ||    39
       Invisible         |       |     4 |       |       ||     4
       Confused          |       |     1 |       |       ||     1
       Paralysed         |       |       |     5 |       ||     5
       Distracted        |       |       |     1 |       ||     1
Armor: Robe              |    20 |    15 |    88 |    33 ||   156
       Ring mail         |       |    14 |    24 |       ||    38
       Skin              |       |    86 |       |       ||    86
Dodge: Dodged            |    83 |   140 |   389 |   179 ||   791
